 Dungeon Sprint DCSS version 0.31.0-1-g2c135a0 (webtiles) character file.

Game seed: 6201307729817974267

539 PurpleRed the Destroyer (level 7, -1/36 HPs)
             Began as a Deep Elf Conjurer on Mar 23, 2024.
             Was a High Priest of Sif Muna.
             Slain by a wraith (6 damage)
             ... in the Dungeon (Sprint VII: "The Pits").
             The game lasted 00:06:45 (1037 turns).

PurpleRed the Destroyer (Deep Elf Conjurer)         Turns: 1037, Time: 00:06:52

Health: -1/36      AC:  2    Str:  4    XL:     7   Next: 5%
Magic:  8/23       EV: 12    Int: 25    God:    Sif Muna [*****.]
Gold:   0          SH:  0    Dex: 13    Spells: 17/28 levels left

rFire   . . .        n - +1 quarterstaff (speed)
rCold   . . .        (shield currently unavailable)
rNeg    . . .        a - +0 robe
rPois   .            (no helmet)
rElec   .            (no cloak)
rCorr   .            (no gloves)
SInv    .            (no boots)
Will    .....        (no amulet)
Stlth   ++           (no ring)
HPRegen 0.26/turn    (no ring)
MPRegen 0.18/turn

%: no teleportation
@: slowed, very slow
A: no striking features
a: Renounce Religion, Channel Magic, Forget Spell, Divine Exegesis


You were in the Dungeon.
You worshipped Sif Muna.
Sif Muna was extremely pleased with you.
You visited 1 branch

Inventory:

Hand Weapons
 c - a +2 quarterstaff
 d - a +2 dagger
 k - a +2 trident
 n - a +1 quarterstaff of speed (weapon)
 o - a +4 long sword of holy wrath
 q - a +1 hand axe of freezing
 r - a +2 dagger of draining
Armour
 a - a +0 robe (worn)
 p - a +3 scale mail
Scrolls
 g - a scroll of blinking
 h - 2 scrolls of vulnerability
 i - 5 scrolls of amnesia
Potions
 b - 5 potions of magic
 e - a potion of berserk rage
 f - a potion of invisibility
 l - 5 potions of heal wounds
 m - 5 potions of curing


   Skills:
 - Level 0.1 Fighting
 - Level 2.4 Dodging
 - Level 2.4 Stealth
 - Level 0.1 Unarmed Combat
 + Level 11.1 Spellcasting
 * Level 14.0 Conjurations
 - Level 3.0 Alchemy


You had 17 spell levels left.
You knew the following spells:

 Your Spells              Type           Power      Damage    Failure   Level
a - Magic Dart            Conj           100%       1d8       0%          1
b - Searing Ray           Conj           100%       2d8       1%          2
c - Fulminant Prism       Conj/Alch      27%        3d14      1%          4
d - Iskenderun's Mystic   Conj/Tloc      49%        2d11      2%          4

Your spell library contained the following spells:

 Spells                   Type           Power      Damage    Failure   Level


Dungeon Overview and Level Annotations

Branches:
Dungeon (1/1)

Altars:
Ashenzari
Cheibriados
Dithmenos
Elyvilon
Fedhas
Gozag
Hepliaklqana
Kikubaaqudgha
Makhleb
Nemelex Xobeh
Okawaru
Qazlal
Ru
Sif Muna
Trog
Uskayaw
Vehumet
Wu Jian
Xom
Yredelemnul
Zin
The Shining One
Jiyva
Lugonu


Message History

A wraith comes into view.
The wraith attacks as it pursues you! The wraith hits you.
The wraith closely misses you. The wraith attacks as it pursues you!
The wraith hits you. The wraith drains your vigour!
You feel yourself slow down.
Casting: Searing Ray (safe; 1% risk of failure)
Confirm with . or Enter, or press ? or * to list all spells.
You erupt in a blast of force!
The mystic blast hits the wraith!
The wraith is heavily damaged.
The wraith is knocked back by the mystic blast.
Casting: Iskenderun's Mystic Blast (dangerous; 2% risk of failure)
Confirm with . or Enter, or press ? or * to list all spells.
You erupt in a blast of force!
The mystic blast hits the wraith!
The wraith is severely damaged.
The wraith is knocked back by the mystic blast.
Casting: Iskenderun's Mystic Blast (dangerous; 2% risk of failure)
Confirm with . or Enter, or press ? or * to list all spells.
Aiming: Searing Ray (safe; 1% risk of failure)
Press: ? - help, Shift-Dir - straight line, f - wraith
Aim: a wraith (severely damaged, 83% to hit)
The searing ray hits the wraith.
The wraith is almost destroyed. (Press . to maintain the ray.)
The searing ray hits the wraith.
The wraith is almost destroyed.
The wraith hits you. The wraith drains your vigour!
You feel as though you will be slow longer.
The searing ray hits the wraith but does no damage.
The wraith is almost destroyed.
The wraith hits you! The wraith drains your vigour!
You feel as though you will be slow longer.
The wraith hits you!
* * * LOW HITPOINT WARNING * * *
Casting: Searing Ray (safe; 1% risk of failure)
Confirm with . or Enter, or press ? or * to list all spells.
You erupt in a blast of force!
The mystic blast hits the wraith but does no damage.
The wraith is almost destroyed.
The wraith hits you.
You die...

#.#........##.......#
#'###########.......#
#.......# #########
#.###...# #.#.....#
#.#...#.#+#
#.....#.#.+
#..†###.#'#
#....@W.'.#
###########


You could see a wraith.

Vanquished Creatures
  2 wargs (D)
  A scorpion (D)
  A jelly (D)
  An orc priest (D)
  An orc wizard (D)
  A white imp (D)
  3 ufetubi (D)
  An endoplasm (D)
  A goblin (D)
  3 jackals (D)
  A quokka (D)
  2 bats (D)
  A rat (D)
19 creatures vanquished.

Vanquished Creatures (collateral kills)
  An orc warrior (D)
  An orc (D)
2 creatures vanquished.

Vanquished Creatures (others)
  6 fulminant prisms (D)
6 creatures vanquished.

Grand Total: 27 creatures vanquished

Notes
Turn   | Place    | Note
-------+----------+-------------------------------------------
     0 | D        | PurpleRed the Deep Elf Conjurer began the quest for the
                  | Orb.
     0 | D        | Reached XP level 1. HP: 10/10 MP: 6/6
    33 | D        | Reached skill level 5 in Conjurations
   121 | D        | Found a bloodstained altar of Trog.
   121 | D        | Found a shimmering blue altar of Sif Muna.
   121 | D        | Found a viscous altar of Jiyva.
   121 | D        | Found a hazy altar of Hepliaklqana.
   121 | D        | Found an opulent altar of Gozag.
   122 | D        | Found a glowing golden altar of the Shining One.
   122 | D        | Found a glowing silver altar of Zin.
   122 | D        | Found a basalt altar of Yredelemnul.
   122 | D        | Found a shimmering altar of Xom.
   122 | D        | Found an ornate altar of the Wu Jian Council.
   122 | D        | Found a sacrificial altar of Ru.
   122 | D        | Found a stormy altar of Qazlal.
   122 | D        | Found an iron altar of Okawaru.
   122 | D        | Found a sparkling altar of Nemelex Xobeh.
   122 | D        | Found a burning altar of Makhleb.
   122 | D        | Found a blossoming altar of Fedhas.
   122 | D        | Found a white marble altar of Elyvilon.
   122 | D        | Found a shadowy altar of Dithmenos.
   122 | D        | Found a snail-covered altar of Cheibriados.
   123 | D        | Found a radiant altar of Vehumet.
   123 | D        | Found a corrupted altar of Lugonu.
   124 | D        | Found an ancient bone altar of Kikubaaqudgha.
   124 | D        | Found a hide-covered altar of Uskayaw.
   124 | D        | Found a broken altar of Ashenzari.
   129 | D        | Became a worshipper of Sif Muna the Loreminder
   158 | D        | Reached skill level 6 in Conjurations
   158 | D        | Reached XP level 2. HP: 14/15 MP: 8/8
   196 | D        | Learned a level 2 spell: Searing Ray
   207 | D        | Reached * piety under Sif Muna
   340 | D        | Reached skill level 7 in Conjurations
   340 | D        | Reached ** piety under Sif Muna
   412 | D        | Reached skill level 5 in Spellcasting
   412 | D        | Reached skill level 8 in Conjurations
   412 | D        | Reached XP level 3. HP: 19/19 MP: 1/11
   505 | D        | Reached *** piety under Sif Muna
   636 | D        | Reached skill level 9 in Conjurations
   636 | D        | Reached skill level 1 in Alchemy
   636 | D        | Reached XP level 4. HP: 14/24 MP: 10/14
   641 | D        | Learned a level 4 spell: Fulminant Prism
   646 | D        | Learned a level 4 spell: Iskenderun's Mystic Blast
   658 | D        | Noticed a scorpion
   661 | D        | Killed a scorpion
   662 | D        | Reached skill level 10 in Conjurations
   662 | D        | Reached XP level 5. HP: 24/28 MP: 9/16
   716 | D        | Noticed a warg
   721 | D        | Killed a warg
   721 | D        | Reached **** piety under Sif Muna
   722 | D        | Reached skill level 12 in Conjurations
   722 | D        | Reached XP level 6. HP: 32/32 MP: 5/20
   729 | D        | Noticed an orc warrior
   750 | D        | Killed an orc warrior
   751 | D        | Reached skill level 10 in Spellcasting
   751 | D        | Reached skill level 13 in Conjurations
   874 | D        | Noticed a warg
   897 | D        | Killed a warg
   898 | D        | Reached skill level 14 in Conjurations
   898 | D        | Reached XP level 7. HP: 14/36 MP: 13/23
   991 | D        | Reached ***** piety under Sif Muna
  1028 | D        | Noticed a wraith
  1037 | D        | Slain by a wraith

Illustrated notes

Levels and vault maps discovered:
D:        pitsprint [storerooms_1, entrance_room_1, metal_vault_7, armoury_2,
          mini_pit_1, grid_room_1, main_hall_1, silver_pit, the_coven_1,
          the_vestibule_1, steel_vault_2, golden_pit, hallway_of_sentries,
          crystal_vault_4, iron_vault_4, final_vault]

Skill      XL: |  1  2  3  4  5  6 |
---------------+-------------------+-----
Conjurations   | 6 8 9 10 12 14 | 14.0
Spellcasting   | 5 6 7 9 11 | 11.1
Alchemy        | 1 3 |  3.0
Fighting       | |  0.1
Dodging        | |  2.4
Stealth        | |  2.4
Unarmed Combat | |  0.1

Action                     |  1- 3 |  4- 6 |  7- 9 || total
---------------------------+-------+-------+-------++-------
  Melee: Unarmed           |     7 |       |       ||     7
         Dagger            |     7 |       |       ||     7
         Quarterstaff      |       |     2 |       ||     2
   Cast: Magic Dart        |     1 |       |       ||     1
         Searing Ray       |     6 |     1 |     2 ||     9
         Fulminant Prism   |       |     6 |       ||     6
         Iskenderun's Myst |       |     1 |     4 ||     5
    Use: Potion            |     6 |       |       ||     6
         Scroll            |       |     1 |       ||     1
   Stab: Sleeping          |     1 |       |       ||     1
 Armour: Robe              |    22 |     2 |     6 ||    30
  Dodge: Dodged            |    41 |     4 |     1 ||    46
